 Dungeon Crawl Stone Soup version 0.28.0-62-gf88900778d (webtiles) character file.

Game seed: 4248237022573785679

34 croobank the Sneak (level 3, -5/26 HPs)
             Began as an Octopode Delver on Feb 23, 2023.
             Slain by an orc
             ... wielding a +0 hand axe
              (7 damage)
             ... on level 4 of the Dungeon.
             The game lasted 00:01:57 (415 turns).

croobank the Sneak (Octopode Delver)                 Turns: 415, Time: 00:01:58

Health: -5/26      AC:  1    Str: 13    XL:     3   Next: 31%
Magic:  3/3        EV: 13    Int: 12    God:
Gold:   38         SH:  0    Dex: 13    Spells: 2/2 levels left

rFire   . . .      SeeInvis .   a - +0 hand axe
rCold   . . .      Faith    .   (no shield)
rNeg    . . .      Spirit   .   (helmet restricted)
rPois   .          Reflect  .   (no amulet)
rElec   .          Harm     .   (no ring)
rCorr   .          Rampage  .   (no ring)
Will    .....                   (no ring)
Stlth   ++++......              (no ring)
HPRegen 0.08/turn               (no ring)
MPRegen 0.08/turn               (no ring)
                                (no ring)
                                (no ring)

@: no status effects
A: almost no armour, amphibious, 8 rings, camouflage 1, gelatinous body 1,
(nimble swimmer 1), tentacles
a: no special abilities


You were on level 4 of the Dungeon.
You visited 1 branch of the dungeon, and saw 3 of its levels.

You collected 38 gold pieces.

Inventory:

Hand Weapons
 a - a +0 hand axe (weapon)
Wands
 f - a wand of digging (3)
Scrolls
 b - a scroll of fog
 c - a scroll of magic mapping
 d - a scroll of identify {unknown}
 g - a scroll of noise {unknown}
Potions
 e - a potion of haste


   Skills:
 + Level 3.3 Fighting
 + Level 2.4 Axes
 + Level 2.4 Dodging
 + Level 7.0 Stealth


You had 2 spell levels left.
You didn't know any spells.
Your spell library contained the following spells:

 Spells                   Type           Power      Damage    Failure   Level
 Scorch                   Fire           0%         2d5       45%         2
 Flame Wave               Conj/Fire      0%         2d4       97%         4
 Summon Cactus Giant      Summ           0%         N/A       100%        6


Dungeon Overview and Level Annotations

Branches:
Dungeon (6/15)
 Temple: D:4-7

Altars:


Innate Abilities, Weirdness & Mutations

You cannot wear most types of armour.
You are amphibious.
You can wear up to eight rings at the same time.
Your skin changes colour to match your surroundings (Stealth+).
Your rubbery body absorbs attacks. (AC +1, EV +1)
((You are camouflaged when in or above water. (Stealth+)))
You have tentacles for arms and can constrict up to eight enemies at once.


Message History

A kobold and an orc come into view.
Found 13 bolts.
You open the door.
There is an open door here.
There is an open door here.
Number of times to repeat, then command key: You must enter the number of times for the command to repeat.
You open the gate.
An orc and an iguana come into view.
The orc shouts!
You hit the iguana but do no damage. You grab the iguana.
You constrict the iguana, but do no damage.
The iguana bites you!
Ouch! That really hurt!
You slash the iguana!
The iguana is heavily wounded.
You constrict the iguana, but do no damage.
The iguana barely misses you.
You hit the iguana.
The iguana is severely wounded.
You constrict the iguana, but do no damage.
The iguana completely misses you.
You hit the iguana but do no damage.
The iguana is severely wounded.
You constrict the iguana. The iguana closely misses you.
The iguana bites you but does no damage.
You barely miss the iguana.
The iguana is almost dead.
You constrict the iguana.
You kill the iguana!
The orc hits you with a +0 hand axe!
* * * LOW HITPOINT WARNING * * *
Your Stealth skill increases to level 7!
You have reached level 3!
Your experience leads to an increase in your attributes!
Increase (S)trength, (I)ntelligence, or (D)exterity?
You feel stronger. x2
You closely miss the orc. You grab the orc. You constrict the orc.
The orc hits you with a +0 hand axe!
You die...

#. .. ♣ #. ♣.♣.♣ ##.
♣...♣ ## #.. ♣.♣.♣ ##.##
#.# ♣.l. ##...# #.# ♣...
#...# #.#
###'''#####.##########.#
#.....o@...............#
###.####################


You could see an orc.

Vanquished Creatures
  An iguana (D:4)
  An ufetubus (D:6)
  A goblin (D:5)
  A quokka (D:4)
  A ball python (D:4)
5 creatures vanquished.

Notes
Turn   | Place    | Note
-------+----------+-------------------------------------------
     0 | D:5      | croobank the Octopode Delver began the quest for the Orb.
     0 | D:5      | Reached XP level 1. HP: 16/16 MP: 1/1
    14 | D:5      | Noticed an iguana
   200 | D:6      | Reached XP level 2. HP: 17/21 MP: 2/2
   213 | D:6      | Noticed a water moccasin
   248 | D:6      | Noticed a black bear
   312 | D:4      | Noticed a phantom
   415 | D:4      | Reached skill level 7 in Stealth
   415 | D:4      | Reached XP level 3. HP: 2/26 MP: 3/3
   415 | D:4      | Slain by an orc

Illustrated notes

Levels and vault maps discovered:
D:4:      layout_loops_corners, mainiacjoe_overflow_brackets,
          overflow_temple_1_default, minmay_temple_entry_statues_fountains,
          minmay_misc_feat_square, grunt_ministairs_12,
          kennysheep_cluttered_room, hangedman_decor_peaks_small
D:5:      minmay_goblin_kobold_castle, layout_loops_corners
D:6:      layout_gridville, gup_sewer_entry_pipe, gammafunk_ghost_necromancy,
          minmay_shop_grid_forest

Skill      XL: |  1  2 |
---------------+-------+-----
Stealth        | 7 |  7.0
Fighting       | |  3.3
Axes           | |  2.4
Dodging        | |  2.4

Action                   || total
-------------------------++-------
Melee: Hand axe          ||    13
       Constrict         ||     3
  Use: Scroll            ||     1
 Stab: Sleeping          ||     3
Armor: Skin              ||     2
Dodge: Dodged            ||    16
